 Dungeon Crawl Stone Soup version 0.29-a0-551-gffc1d7fb78 (webtiles) character file.

Game seed: 4216826050576619143

477 xian the Magician (level 6, -9/41 HPs)
             Began as a Demonspawn Hedge Wizard on June 5, 2022.
             Was an Initiate of Gozag.
             Mangled by a gnoll
             ... wielding a +0 flail
             ... led by a gnoll shaman
              (10 damage)
             ... on level 4 of the Dungeon.
             The game lasted 00:16:42 (4489 turns).

xian the Magician (Demonspawn Hedge Wizard)         Turns: 4489, Time: 00:16:42

Health: -9/41      AC:  4    Str: 10    XL:     6   Next: 85%
Magic:  0/13       EV: 12    Int: 18    God:    Gozag
Gold:   180        SH:  0    Dex: 12    Spells: 13/15 levels left

rFire   . . .      SeeInvis .   a - +0 dagger
rCold   . . .      Faith    .   (no shield)
rNeg    + . .      Spirit   .   b - +0 robe
rPois   +          Reflect  .   c - +1 hat
rElec   .          Harm     .   (no cloak)
rCorr   .          Rampage  .   (no gloves)
Will    .....                   k - +0 pair of boots
Stlth   ++........              (no amulet)
HPRegen 0.13/turn               g - ring of positive energy
MPRegen 0.13/turn               l - ring of poison resistance

@: invisible
A: horns 1, ignite blood 1, sturdy frame 1, demonic magic 2
a: Renounce Religion, Potion Petition, Call Merchant, Bribe Branch


You were on level 4 of the Dungeon.
You worshipped Gozag.
Gozag was aware of your devotion.
You visited 2 branches of the dungeon, and saw 5 of its levels.

You collected 250 gold pieces.
You paid 70 gold pieces to Gozag.

Inventory:

Hand Weapons
 a - a +0 dagger (weapon)
Missiles
 i - 4 atropa-tipped darts
 j - 6 poisoned darts
Armour
 b - a +0 robe (worn)
 c - a +1 hat (worn)
 f - a +0 helmet
 k - a +0 pair of boots (worn)
Jewellery
 g - a ring of positive energy (left hand)
 l - a ring of poison resistance (right hand)
Scrolls
 e - a scroll of vulnerability
 h - 2 scrolls of teleportation
Potions
 n - a potion of attraction {unknown}
 o - a potion of brilliance {unknown}


   Skills:
 + Level 0.3 Fighting
 + Level 0.4 Short Blades
 + Level 1.0 Throwing
 + Level 2.7 Dodging
 + Level 2.9 Stealth
 + Level 5.2 Spellcasting
 + Level 3.5 Conjurations
 + Level 0.7 Hexes
 + Level 1.0 Summonings
 + Level 0.8 Translocations


You had 13 spell levels left.
You knew the following spells:

 Your Spells              Type           Power      Damage    Failure   Level
a - Magic Dart            Conj           68%        1d6       3%          1
b - Slow                  Hex            28%        N/A       10%         1

Your spell library contained the following spells:

 Spells                   Type           Power      Damage    Failure   Level
 Beastly Appendage        Tmut           8%         N/A       13%         1
 Call Imp                 Summ           8%         N/A       13%         2
 Blink                    Tloc           14%        N/A       14%         2
 Conjure Flame            Conj/Fire      11%        6-21      19%         3
 Wereblood                Tmut           4%         N/A       21%         2
 Mephitic Cloud           Conj/Pois/Air  9%         N/A       24%         3
 Spider Form              Tmut/Pois      4%         N/A       36%         3


Dungeon Overview and Level Annotations

Branches:
Dungeon (4/15)             Temple (1/1) D:4

Altars:
Ashenzari
Dithmenos
Fedhas
Gozag
Nemelex Xobeh
Sif Muna
Uskayaw
Zin
The Shining One


Innate Abilities, Weirdness & Mutations

You have a pair of small horns on your head.
Your demonic aura sometimes causes spilled blood to erupt in flames.
Your movements are slightly less encumbered by armour. (ER -2)
Spells you cast may paralyse nearby enemies.


Message History

Aim: a gnoll, wielding a +0 flail (lightly wounded, 100% to hit)
The magic dart hits the gnoll but does no damage.
The gnoll is lightly wounded.
Malevolent energies surge around you.
The gnoll suddenly stops moving!
Aiming: Magic Dart (safe; 3% risk of failure)
Press: ? - help, Q - select action, (/) - cycle Shift-Dir - straight line, f/p - gnoll
Aim: a gnoll, wielding a +0 flail (100% to hit)
The magic dart hits the gnoll.
The gnoll is moderately wounded.
Malevolent energies surge around you. The gnoll attacks as you move away!
The gnoll barely misses you. The gnoll attacks as you move away!
The gnoll hits you with a +0 flail! The gnoll closely misses you.
The gnoll barely misses you. x2
A gnoll is nearby!
A gnoll is nearby!
Welcome back, xian the Demonspawn Hedge Wizard.
Gozag says: Greed is good.
Press ? for a list of commands and other information.
Aiming: Magic Dart (safe; 3% risk of failure)
Press: ? - help, Q - select action, (/) - cycle Shift-Dir - straight line, f - gnoll
Aim: a gnoll, wielding a +0 flail (moderately wounded, 100% to hit)
The magic dart hits the gnoll.
The gnoll is severely wounded.
Malevolent energies surge around you. The gnoll hits you with a +0 flail.
* * * LOW HITPOINT WARNING * * *
You don't have enough magic to cast this spell.
Unknown command.
Unknown command.
You hit the gnoll.
The gnoll is almost dead.
The gnoll hits you with a +0 flail.
* * * LOW HITPOINT WARNING * * *
You fade into invisibility!
The gnoll hits you from afar with a +0 halberd!
* * * LOW HITPOINT WARNING * * *
The gnoll hits you with a +0 flail!
You die...
Your body crumbles into a pile of gold.

###.#####.#
#.##..........<....
..#$$.....#
#.......#....#####.
#.#$###.####.#..##.#..###..#
## #.#.###.# #....#..#..#
#..# #.#g###.#
#...##.##.<####.###
#...g...#
#.####.##...###...#
#######g# #.#
#..##.#..#....### #.# #.#
#.###.##........## #.# #.#
#@# #.####...##...
#.####.###g# #.# #...###.#
#........g.# #.# #...# #.#
####......####.####...# #.#
#......##>.....#)..# #..
#......##......#...# ###
#......##......#...# #
#########......#...#
#......#####


You could see 2 gnolls.

Vanquished Creatures
  Sigmund (D:3)
  A scorpion (D:4)
  A hound (D:4)
  Natasha (thrice) (D:3)
  2 gnolls (D:4)
  5 adders (D:2)
  3 worms
  5 dart slugs
  8 orcs
  3 endoplasms (D:2)
  A giant cockroach (D:4)
  8 goblins
  6 hobgoblins
  A quokka (D:4)
  4 ball pythons
  3 bats
  4 frilled lizards
  2 kobolds
  3 rats
64 creatures vanquished.

Vanquished Creatures (others)
  An orc wizard (D:4)
1 creature vanquished.

Grand Total: 65 creatures vanquished

Notes
Turn   | Place    | Note
-------+----------+-------------------------------------------
     0 | D:1      | xian the Demonspawn Hedge Wizard began the quest for the
                  | Orb.
     0 | D:1      | Reached XP level 1. HP: 13/13 MP: 4/4
   348 | D:1      | Gained mutation: You have a pair of small horns on your
                  | head. [demonic ancestry]
   348 | D:1      | Reached XP level 2. HP: 5/19 MP: 6/6
   624 | D:1      | Found a faded altar of an unknown god.
  1695 | D:2      | Gained mutation: Your movements are slightly less
                  | encumbered by armour. (ER -2) [demonic ancestry]
  1695 | D:2      | Reached XP level 3. HP: 20/24 MP: 0/8
  1968 | D:2      | Reached skill level 4 in Spellcasting
  2118 | D:2      | HP: 1/24 [adder (1)]
  2303 | D:2      | Learned a level 1 spell: Slow
  2318 | D:2      | Gained mutation: Spells you cast may paralyse adjacent
                  | enemies. [demonic ancestry]
  2318 | D:2      | Reached XP level 4. HP: 30/30 MP: 10/10
  2564 | D:3      | Noticed Sigmund
  2788 | D:3      | Killed Sigmund
  2789 | D:3      | Gained mutation: Spells you cast may paralyse nearby
                  | enemies. [demonic ancestry]
  2789 | D:3      | Reached XP level 5. HP: 17/35 MP: 0/12
  3076 | D:3      | Found a blossoming altar of Fedhas.
  3082 | D:3      | Noticed Natasha
  3106 | D:3      | Killed Natasha
  3107 | D:3      | Gained mutation: Your demonic aura sometimes causes spilled
                  | blood to erupt in flames. [demonic ancestry]
  3107 | D:3      | Reached XP level 6. HP: 32/41 MP: 5/13
  3434 | D:3      | Noticed Natasha
  3441 | D:3      | Killed Natasha
  3619 | D:3      | Noticed Natasha
  3628 | D:3      | Killed Natasha
  3629 | D:3      | Reached skill level 1 in Throwing
  3735 | D:4      | Found a staircase to the Ecumenical Temple.
  3751 | Temple   | Entered the Ecumenical Temple
  3816 | Temple   | Became a worshipper of Gozag Ym Sagoz the Greedy
  3935 | D:4      | Reached skill level 5 in Spellcasting
  4489 | D:4      | HP: 1/41 [gnoll/+0 halberd[a gnoll shaman] (7)]
  4489 | D:4      | Mangled by a gnoll

Illustrated notes

Levels and vault maps discovered:
D:1:      scummos_arrival_forest, layout_loops_ring,
          shapermc_ecumenical_altar_pompeii, minmay_pentomino_x2
D:2:      layout_loops_cross, basic_altar, minivault_14
D:3:      layout_basic, fedhas_altar_2, uniq_sigmund, uniq_natasha
D:4:      layout_rooms, minmay_temple_entry_statues_pillars, interstate_on_off,
          minmay_misc_feat_encased
Temple:   mainiacjoe_temple_hex_bubbles

Skill      XL: |  1  2  3  4  5  6 |
---------------+-------------------+-----
Stealth        | 2 |  2.9
Spellcasting   | 4 5 |  5.2
Dodging        | 2 |  2.7
Conjurations   | 2 3 |  3.5
Throwing       | 1 |  1.0
Fighting       | |  0.3
Short Blades   | |  0.4
Hexes          | |  0.7
Summonings     | |  1.0
Translocations | |  0.8

Action                   |  1- 3 |  4- 6 || total
-------------------------+-------+-------++-------
Melee: Dagger            |    53 |    19 ||    72
       Punch             |     1 |       ||     1
       Headbutt          |     6 |     6 ||    12
Throw: Dart              |       |    11 ||    11
 Cast: Magic Dart        |    66 |   153 ||   219
       Slow              |     1 |     4 ||     5
  Use: Scroll            |     5 |     3 ||     8
       Potion            |     1 |     3 ||     4
 Stab: Sleeping          |     1 |       ||     1
       Paralysed         |       |     1 ||     1
Armor: Robe              |    21 |    10 ||    31
Dodge: Dodged            |    56 |    26 ||    82

Table legend: (Time is in decaauts)
 A = Elapsed time spent in this place.
 B = Non-inter-level travel time spent in this place.
 C = Inter-level travel time spent in this place.
 D = Time resting spent in this place.
 E = Time spent auto-exploring this place.
 F = Levels seen in this place.
 G = Mean time per level.
                   A        B        C        D        E       F      G
               +--------+--------+--------+--------+--------+-----+--------+
         Total |   4489 |   4395 |     94 |     27 |   3502 |   5 |  897.8 |
       Dungeon |   4411 |   4317 |     94 |     27 |   3444 |   4 | 1102.8 |
        Temple |     77 |     77 |      0 |      0 |     58 |   1 |   77.0 |
               +--------+--------+--------+--------+--------+-----+--------+

Top non-repeatable levels by time:
     D:2: 1647 daAuts
     D:3: 1177 daAuts
     D:1: 908 daAuts
     D:4: 677 daAuts
  Temple: 77 daAuts
